 Dungeon Crawl Stone Soup version 0.22-a0-355-g201945f (webtiles) character file.

200792 RoseArtemis the Executioner (level 17, -20/165 HPs)
             Began as a Minotaur Fighter on Apr 17, 2018.
             Was a High Priest of Okawaru.
             Shot with a bolt by a naga sharpshooter (26 damage)
             ... led by Vashnia
             ... on level 4 of the Snake Pit.
             The game lasted 01:28:09 (29682 turns).

RoseArtemis the Executioner (Minotaur Fighter)     Turns: 29682, Time: 01:28:09

Health: -20/165    AC: 33    Str: 24    XL:     17   Next: 89%
Magic:  19/23      EV: 27    Int:  9    God:    Okawaru [*****.]
Gold:   2916       SH:  0    Dex: 16    Spells: 16/16 levels left

rFire    . . .     SeeInvis .   a - +6 battleaxe (elec)
rCold    + . .     Gourm    .   (shield currently unavailable)
rNeg     . . .     Faith    .   i - +4 storm dragon scales
rPois    +         Spirit   .   J - +1 hat {Int+3}
rElec    +         Reflect  .   M - +0 cloak {rPois}
rCorr    .         Harm     .   T - +1 pair of gloves {Str+3}
MR       +....                  V - +2 pair of boots {run}
Stlth    ..........             L - amulet of regeneration
HPRegen  0.77/turn              t - ring of protection from cold
MPRegen  0.18/turn              O - +5 ring of evasion

@: heroism, finesse, quick
A: retaliatory headbutt, horns 2
}: 1/15 runes: serpentine
a: Heroism, Finesse, Renounce Religion


You were on level 4 of the Snake Pit.
You worshipped Okawaru.
Okawaru was extremely pleased with you.
You were not hungry.

You visited 5 branches of the dungeon, and saw 28 of its levels.
You also visited: Ossuary.

You collected 2916 gold pieces.

Inventory:

Hand Weapons
 a - a +6 battleaxe of electrocution (weapon)
 g - a +1 executioner's axe of chopping
Missiles
 I - 4 silver javelins (quivered)
Armour
 b - a scarf of resistance
 i - +4 storm dragon scales (worn)
 J - a +1 hat of intelligence (worn)
 M - a +0 cloak of poison resistance (worn)
 T - a +1 pair of gloves of strength (worn)
 V - a +2 pair of boots of running (worn)
Jewellery
 t - a ring of protection from cold (left hand)
 A - an uncursed amulet of the gourmand
 L - an amulet of regeneration (around neck)
 O - a +5 ring of evasion (right hand)
 W - an uncursed ring of protection from cold
 Y - an uncursed ring of see invisible
Wands
 c - a wand of enslavement (14)
 d - a wand of disintegration (41)
 s - a wand of polymorph (30)
 u - a wand of scattershot (7)
 v - a wand of flame (4)
 y - a wand of digging (24)
 F - a wand of iceblast (16)
 G - a wand of clouds (6)
 H - a wand of random effects (45)
 K - a wand of paralysis (11)
Scrolls
 k - 2 scrolls of fog
 m - 3 scrolls of fear
 n - 10 scrolls of remove curse
 o - 4 scrolls of blinking
 p - 3 scrolls of magic mapping
 x - 12 scrolls of teleportation
 E - 6 scrolls of amnesia
Potions
 e - 3 potions of haste
 h - 5 potions of invisibility
 j - 8 potions of curing
 l - 5 potions of flight
 q - 3 potions of ambrosia
 r - 3 potions of resistance
 w - 5 potions of cancellation
 z - a potion of berserk rage
 B - 5 potions of agility
 D - 5 potions of brilliance
 N - 3 potions of mutation
 P - 4 potions of lignification
Comestibles
 f - 47 rations


   Skills:
 + Level 18.2(23.2) Fighting
 - Level 22.0(27) Axes
 + Level 15.4(20.4) Armour
 + Level 16.2(21.2) Dodging
   Level 3.6(8.6) Shields
 - Level 10.0 Invocations
 - Level 5.0 Evocations


You had 16 spell levels left.
You didn't know any spells.

Dungeon Overview and Level Annotations

Branches:
Dungeon (15/15)            Temple (1/1) D:4            Lair (6/6) D:10
 Shoals (0/4) Lair:3        Snake (4/4) Lair:2        Slime (0/5) Lair:6
    Orc (2/2) D:10            Elf (0/3) Orc:2        Vaults (0/5) D:13
 Depths (0/5) D:15

Altars:
Ashenzari
Cheibriados
Dithmenos
Elyvilon
Fedhas
Gozag
Hepliaklqana
Kikubaaqudgha
Makhleb
Nemelex Xobeh
Okawaru
Qazlal
Ru
Sif Muna
Trog
Uskayaw
Vehumet
Wu Jian
Xom
Yredelemnul
Zin
The Shining One
Beogh
Jiyva
Lugonu

Shops:
D:12 (   Orc:1 :   Orc:2 ([=*

Portals:
Hell: Lair:6


Innate Abilities, Weirdness & Mutations

You reflexively headbutt those who attack you in melee.
You have a pair of horns on your head.


Message History

The naga sharpshooter gestures wildly while chanting.
The naga sharpshooter magically shoots a bolt.
The bolt barely misses you.
You slice the naga sharpshooter!!
The naga sharpshooter is heavily wounded.
You closely miss the naga sharpshooter.
The naga sharpshooter is heavily wounded.
You slash the naga sharpshooter!
The naga sharpshooter is heavily wounded.
The naga sharpshooter casts a spell.
The naga sharpshooter magically shoots a bolt.
The bolt hits you!
* * * LOW HITPOINT WARNING * * *
You feel better.
The naga sharpshooter casts a spell.
The naga sharpshooter magically shoots a bolt.
The bolt hits you!
* * * LOW HITPOINT WARNING * * *
The naga sharpshooter shoots a bolt.
The bolt hits you!!
You die...

.......#'##'#####......#
.......#...)#...#......#
####...#........'......#
...#'#.#........#......#
.#.#.#.#.......##......#
.....#.##....#..#......#
....##..#+...##.#..N...#
'####....##+#####......#
...............N@......###
.................()......#
.....).......#####(#########
.............# ##)).#....#.#
.............###...(##รท....#
.............#.#(..(#.######
##########...'.###.##.'....#
#...##..###..#....#
#...#.#......##)#.#


You could see 2 naga sharpshooters.

Vanquished Creatures
  A juggernaut (D:11)
  Vashnia (Snake:4)
  Saint Roka (Snake:3)
  Kirke (Snake:4)
  6 nagarajas (Snake:4)
  Aizul (Snake:4)
  An orc warlord (Orc:2)
  A very ugly thing (D:13)
  Nessos (D:13)
  2 fire dragons
  Harold (Lair:2)
  A rakshasa (D:14)
  4 vault guards (D:13)
  Josephine (Lair:4)
  An ice dragon (D:15)
  6 hydras
  Erica (D:9)
  10 naga warriors
  2 ogre magi
  A catoblepas (D:13)
  13 anacondas
  9 centaur warriors
  An alligator (Lair:6)
  13 death yaks
  3 tengu warriors
  A death knight (D:13)
  16 naga sharpshooters
  12 two-headed ogres
  7 shock serpents
  2 orc high priests
  2 salamander mystics
  11 skeletal warriors (D:13)
  A sixfirhy (Lair:6)
  4 unseen horrors
  3 wizards
  4 naga ritualists
  A flayed ghost (D:14)
  An orc knight (D:15)
  7 mana vipers
  3 deep elf magi
  7 orc sorcerers
  12 ugly things
  2 wolf spiders
  3 manticores
  14 salamanders
  3 cyclopes
  4 elephants
  23 black mambas
  Maurice (D:9)
  A torpor snail (Lair:5)
  16 naga magi
  A smoke demon (Lair:6)
  A spiny frog (shapeshifter) (D:14)
  An orange demon (Lair:6)
  8 spiny frogs
  2 efreet (D:15)
  2 kobold demonologists (D:14)
  9 komodo dragons
  A yaktaur (D:13)
  7 rime drakes
  An ice devil (Lair:6)
  3 red devils (Lair:6)
  A komodo dragon (shapeshifter) (D:15)
  A tengu conjurer (D:14)
  7 trolls
  3 meliai (D:15)
  A polar bear (Lair:6)
  A queen bee (Orc:1)
  A wolf spider simulacrum (D:14)
  3 blink frogs (Lair:5)
  A raiju (D:11)
  A hornet (D:14)
  A slime creature (D:13)
  11 hippogriffs
  A dream sheep (Lair:6)
  A centaur simulacrum (D:14)
  7 wyverns
  A spriggan (D:11)
  A shadow (D:13)
  A dire elephant simulacrum (Lair:3)
  33 yaks
  A basilisk (shapeshifter) (D:14)
  8 wraiths
  4 hungry ghosts
  A steam dragon (D:11)
  Menkaure (D:6)
  8 vampire mosquitoes
  2 large abominations (D:11)
  A harpy simulacrum (D:14)
  61 nagas
  5 wargs
  A hydra simulacrum (Lair:3)
  4 soldier ants (D:13)
  5 hell hounds (Lair:6)
  9 porcupines
  19 water moccasins
  44 orc warriors
  An ice beast (D:11)
  A black bear (D:7)
  4 phantoms
  2 hornet zombies (D:14)
  An eye of draining (D:10)
  12 ogres
  4 sky beasts
  A necrophage (D:15)
  4 wolves (Lair:2)
  19 centaurs
  14 crocodiles
  5 big kobolds
  16 bullfrogs
  A wyvern zombie (D:13)
  9 scorpions
  28 killer bees
  12 wights
  4 spriggan skeletons (D:11)
  3 electric eels
  12 howler monkeys
  8 crimson imps
  4 centaur zombies
  A bullfrog zombie (D:12)
  6 jellies
  10 centaur skeletons
  5 hounds
  33 orc priests
  3 human zombies (Ossuary)
  2 bullfrog skeletons
  A gnoll shaman (Orc:2)
  2 iguanas
  27 orc wizards
  10 worker ants
  3 big kobold zombies (Ossuary)
  A basilisk simulacrum (Lair:3)
  A hound skeleton (D:4)
  A hound zombie (D:7)
  3 mummies (Ossuary)
  A worker ant zombie (D:11)
  Robin (D:3)
  6 adders
  6 gnolls
  2 scorpion zombies (Ossuary)
  2 crocodile simulacra (Lair:3)
  A howler monkey skeleton (D:7)
  5 shadow imps
  An ooze (D:6)
  An adder zombie (D:6)
  A worm (D:4)
  A dart slug (D:2)
  A leopard gecko (D:4)
  133 orcs
  A ball python (D:4)
  5 giant cockroaches
  2 gnoll zombies (Ossuary)
  10 goblins
  13 hobgoblins
  9 jackals
  5 quokkas
  5 bats
  4 frilled lizards (D:1)
  3 goblin zombies
  A hobgoblin zombie (Ossuary)
  A jackal skeleton (D:7)
  18 kobolds
  A kobold zombie (Ossuary)
  2 orc zombies (Ossuary)
  A quokka zombie (D:7)
  7 rats
  7 fungi
  26 plants
1088 creatures vanquished.

Vanquished Creatures (others)
  3 humans (Snake:4)
  A bullfrog (Lair:3)
  A centaur zombie (Ossuary)
  10 fungi
  A plant (Lair:5)
16 creatures vanquished.

Grand Total: 1104 creatures vanquished

Notes
Turn   | Place    | Note
-------+----------+-------------------------------------------
     0 | D:1      | RoseArtemis the Minotaur Fighter began the quest for the Orb.
     0 | D:1      | Reached XP level 1. HP: 19/19 MP: 0/0
   348 | D:1      | Reached skill level 3 in Axes
   348 | D:1      | Reached XP level 2. HP: 27/27 MP: 1/1
  1015 | D:2      | Reached skill level 4 in Axes
  1015 | D:2      | Reached XP level 3. HP: 8/33 MP: 2/2
  1176 | D:2      | Found an ancient bone altar of Kikubaaqudgha.
  1369 | D:2      | Reached XP level 4. HP: 40/40 MP: 3/3
  1673 | D:3      | Noticed Robin
  1701 | D:3      | Killed Robin
  1701 | D:3      | Reached XP level 5. HP: 20/47 MP: 4/4
  2312 | D:4      | Reached skill level 5 in Axes
  2566 | D:4      | Found a staircase to the Ecumenical Temple.
  2575 | Temple   | Entered the Ecumenical Temple
  2582 | Temple   | Became a worshipper of Warmaster Okawaru
  2681 | D:4      | Found a sacrificial altar of Ru.
  2770 | D:4      | Reached skill level 5 in Fighting
  2770 | D:4      | Reached skill level 5 in Armour
  3226 | D:5      | Entered Level 5 of the Dungeon
  3230 | D:5      | Reached XP level 6. HP: 56/56 MP: 5/5
  3283 | D:5      | Reached skill level 6 in Axes
  3399 | D:5      | Found a radiant altar of Vehumet.
  4295 | D:6      | Noticed an orc warrior
  4307 | D:6      | Killed an orc warrior
  4307 | D:6      | Reached XP level 7. HP: 21/62 MP: 6/6
  4308 | D:6      | Reached skill level 7 in Axes
  4525 | D:6      | Found a burning altar of Makhleb.
  4560 | D:6      | Reached * piety under Okawaru
  4912 | D:6      | Noticed Menkaure
  4925 | D:6      | Killed Menkaure
  4925 | D:6      | Reached skill level 8 in Axes
  5435 | D:6      | Found a glowing golden altar of the Shining One.
  5638 | D:7      | Reached XP level 8. HP: 70/71 MP: 7/7
  5795 | D:7      | Reached skill level 9 in Axes
  5851 | D:7      | Reached ** piety under Okawaru
  5924 | D:7      | Found a sand-covered staircase.
  5932 | Ossuary  | Entered an ossuary
  6518 | Ossuary  | Reached skill level 10 in Axes
  6578 | Ossuary  | Reached XP level 9. HP: 69/81 MP: 8/8
  6903 | D:7      | Found a deep blue altar of Sif Muna.
  6903 | D:7      | Found a basalt altar of Yredelemnul.
  7040 | D:7      | Reached *** piety under Okawaru
  7180 | D:7      | Reached skill level 11 in Axes
  7422 | D:7      | Found a stormy altar of Qazlal.
  7496 | D:8      | Noticed a two-headed ogre
  7506 | D:8      | Killed a two-headed ogre
  7689 | D:8      | Reached skill level 12 in Axes
  7823 | D:8      | Reached XP level 10. HP: 86/91 MP: 9/9
  7940 | D:8      | Reached **** piety under Okawaru
  8027 | D:8      | Found a roughly hewn altar of Beogh.
  8189 | D:8      | Identified a scroll of acquirement
  8973 | D:9      | Noticed Erica
  8989 | D:9      | Killed Erica
  8989 | D:9      | Reached skill level 10 in Fighting
  8989 | D:9      | Reached skill level 13 in Axes
  8989 | D:9      | Reached skill level 10 in Armour
  9165 | D:9      | Noticed Maurice
  9177 | D:9      | Killed Maurice
  9223 | D:9      | Reached ***** piety under Okawaru
  9615 | D:9      | Noticed a fire dragon
  9646 | D:9      | Killed a fire dragon
  9646 | D:9      | Reached skill level 1 in Invocations
  9907 | D:10     | Entered Level 10 of the Dungeon
  9918 | D:10     | Noticed a two-headed ogre
  9927 | D:10     | Killed a two-headed ogre
  9927 | D:10     | Reached skill level 1 in Dodging
  9927 | D:10     | Reached XP level 11. HP: 101/101 MP: 8/11
  9964 | D:10     | Received a gift from Okawaru
  9997 | D:10     | Reached skill level 14 in Axes
 10166 | D:10     | Found a staircase to the Orcish Mines.
 10424 | D:10     | Received a gift from Okawaru
 10639 | D:10     | Found a staircase to the Lair.
 10877 | Lair:1   | Entered Level 1 of the Lair of Beasts
 11325 | Lair:1   | Reached skill level 5 in Dodging
 11711 | Lair:2   | Found a staircase to the Snake Pit.
 11870 | Lair:2   | Reached skill level 15 in Axes
 12147 | Lair:2   | Noticed a four-headed hydra
 12154 | Lair:2   | Killed a four-headed hydra
 12173 | Lair:2   | Reached XP level 12. HP: 111/111 MP: 11/14
 12237 | Lair:2   | Noticed Harold
 12256 | Lair:2   | Killed Harold
 12298 | Lair:2   | Reached skill level 5 in Invocations
 12600 | Lair:3   | Found a transporter.
 12776 | Lair:3   | Noticed a six-headed hydra
 12783 | Lair:3   | Killed a six-headed hydra
 12783 | Lair:3   | Received a gift from Okawaru
 12809 | Lair:3   | Noticed an eight-headed hydra
 12818 | Lair:3   | Killed a 12-headed hydra
 13040 | Lair:3   | Reached skill level 16 in Axes
 13123 | Lair:3   | Found a staircase to the Shoals.
 13144 | Lair:3   | Found a transporter.
 13733 | Lair:4   | Received a gift from Okawaru
 13912 | Lair:4   | Noticed Josephine
 13947 | Lair:4   | Killed Josephine
 14154 | Lair:4   | Noticed an eight-headed hydra
 14164 | Lair:4   | Killed an eight-headed hydra
 14740 | Lair:5   | Noticed a death yak
 14740 | Lair:5   | Noticed a death yak
 14740 | Lair:5   | Noticed a death yak
 14740 | Lair:5   | Noticed a death yak
 14740 | Lair:5   | Noticed a death yak
 14740 | Lair:5   | Noticed a death yak
 14752 | Lair:4   | Killed a death yak
 14761 | Lair:4   | Killed a death yak
 14761 | Lair:4   | Reached skill level 10 in Dodging
 14761 | Lair:4   | Reached skill level 1 in Evocations
 14762 | Lair:4   | Killed a death yak
 14763 | Lair:4   | Killed a death yak
 14763 | Lair:4   | Reached XP level 13. HP: 71/119 MP: 16/16
 15109 | Lair:5   | Received a gift from Okawaru
 15109 | Lair:5   | Reached skill level 17 in Axes
 15409 | Lair:5   | Received a gift from Okawaru
 15755 | Lair:6   | Entered Level 6 of the Lair of Beasts
 15800 | Lair:6   | Found a staircase to the Slime Pits.
 15800 | Lair:6   | Found a viscous altar of Jiyva.
 16273 | Lair:6   | Reached skill level 18 in Axes
 16279 | Lair:6   | Received a gift from Okawaru
 16629 | Lair:6   | Found a burning altar of Makhleb.
 16659 | Lair:6   | Reached XP level 14. HP: 86/130 MP: 13/17
 17182 | Lair:6   | Found a gateway to Hell.
 17702 | D:11     | Reached skill level 5 in Evocations
 17723 | D:11     | Found a transporter.
 17726 | D:11     | Found a corrupted altar of Lugonu.
 17798 | D:11     | Noticed Gastronok
 17801 | D:11     | Noticed Gastronok
 17801 | D:11     | Gastronok changed into Gastronok the juggernaut
 17820 | D:11     | Killed Gastronok the juggernaut
 18608 | D:11     | Reached skill level 19 in Axes
 18615 | D:11     | Received a gift from Okawaru
 18632 | D:11     | Found a transporter.
 18644 | D:11     | Got a translucent brass amulet
 18650 | D:11     | Identified the amulet of Vudd {Gourm Dex+5} (You found it on level 11 of the Dungeon)
 19191 | D:12     | Found Xegruzov's Antique Weapon Shoppe.
 19953 | D:13     | Received a gift from Okawaru
 20329 | D:13     | Noticed Nessos
 20334 | D:13     | Reached XP level 15. HP: 139/139 MP: 16/19
 20343 | D:13     | Killed Nessos
 20411 | D:13     | Found a gate to the Vaults.
 20425 | D:13     | Reached skill level 15 in Fighting
 20612 | D:13     | Received a gift from Okawaru
 20835 | D:13     | Identified a +2 pair of boots of running (You found it on level 13 of the Dungeon)
 20890 | D:13     | Reached skill level 20 in Axes
 21648 | D:14     | Reached skill level 10 in Invocations
 21951 | D:15     | Entered Level 15 of the Dungeon
 22177 | D:15     | Received a gift from Okawaru
 22222 | D:15     | Found a staircase to the Depths.
 22385 | D:15     | Paralysed by an ogre mage for 2 turns
 22722 | D:15     | Reached XP level 16. HP: 145/152 MP: 15/22
 23129 | Orc:1    | Entered Level 1 of the Orcish Mines
 23173 | Orc:1    | Found a bloodstained altar of Trog.
 23359 | Orc:1    | Found Nydepu's Book Shoppe.
 23542 | Orc:1    | Received a gift from Okawaru
 23614 | Orc:2    | Entered Level 2 of the Orcish Mines
 23794 | Orc:2    | Found a roughly hewn altar of Beogh.
 23806 | Orc:2    | Found Juos's General Store.
 24024 | Orc:2    | Found a roughly hewn altar of Beogh.
 24025 | Orc:2    | Found Geass's Jewellery Shoppe.
 24203 | Orc:2    | Found a roughly hewn altar of Beogh.
 24215 | Orc:2    | Found a staircase to the Elven Halls.
 24257 | Orc:2    | Paralysed by an orc sorcerer for 4 turns
 24479 | Orc:2    | Found Founnink's Antique Armour Shop.
 24485 | Orc:2    | Found a roughly hewn altar of Beogh.
 24498 | Orc:2    | Found Epiateu's Antique Weapon Boutique.
 24588 | Orc:2    | Found a roughly hewn altar of Beogh.
 24801 | Snake:1  | Entered Level 1 of the Snake Pit
 25111 | Snake:1  | Reached skill level 15 in Dodging
 25276 | Snake:1  | Received a gift from Okawaru
 27391 | Snake:3  | Reached skill level 21 in Axes
 27391 | Snake:3  | Reached XP level 17. HP: 156/162 MP: 9/23
 27553 | Snake:3  | Noticed Saint Roka
 27575 | Snake:3  | Killed Saint Roka
 27766 | Snake:3  | Received a gift from Okawaru
 27781 | Snake:3  | Got a translucent chain mail
 27789 | Snake:3  | Identified the +1 chain mail of the Invisible Tables {Dex+3 Slay+2} (You found it on level 3 of the Snake Pit)
 27999 | Snake:3  | Found a snail-covered altar of Cheibriados.
 28185 | Snake:4  | Entered Level 4 of the Snake Pit
 28496 | Snake:4  | Noticed Kirke
 28537 | Snake:4  | Killed Kirke
 28812 | Snake:4  | Reached skill level 15 in Armour
 29009 | Snake:4  | Noticed Aizul
 29019 | Snake:4  | Killed Aizul
 29127 | Snake:4  | Received a gift from Okawaru
 29130 | Snake:4  | Got a slimy hand axe {god gift}
 29131 | Snake:4  | Identified the +4 hand axe of the Mind {elec, +Blink rPois} (Okawaru gifted it to you on level 4 of the Snake Pit)
 29271 | Snake:4  | Got a serpentine rune of Zot
 29453 | Snake:4  | Reached skill level 22 in Axes
 29653 | Snake:4  | Noticed Vashnia
 29668 | Snake:4  | Killed Vashnia
 29681 | Snake:4  | HP: 6/165 [naga sharpshooter/bolt[Vashnia] (16)]
 29682 | Snake:4  | Shot with a bolt by a naga sharpshooter

Vault maps used:
D:1:      elethiomel_arrival_quiet, serial_bayou_pond_c
D:2:      marbit_many_paths
D:3:      uniq_robin
D:4:      temple_hall, nicolae_ru_great_annihilating_truth
D:5:      fiery_altar_vehumet, first_ration, minmay_misc_feat_five
D:6:      tso_oasis_becter, makhleb_altar_promises_db, serial_corexii_hall,
          corexii_hall_statues_i, corexii_hall_statues_l, uniq_menkaure
D:7:      wad_river_or_something, lemuel_coloured_pillars_altar,
          gammafunk_temple_overflow_elements, enter_ossuary_4
D:8:      special_room
D:9:      dragon1_lemuel, hex_tiny, uniq_erica, uniq_maurice
D:10:     lair_entry_dummy, hiddenorc2_lemuel
D:11:     gammafunk_corrupted_shrine, the_bakery, hangedman_tell_no_tales,
          uniq_gastronok
D:12:     serial_shops, shop_fountains
D:13:     minmay_the_grid_triangle_9x9_recursive_3_mashed,
          lightli_vaults_fourway_checkpoint, uniq_nessos
D:14:     serial_park_tiny_2, minivault_28
D:15:     grunt_enter_depths_hoard
Temple:   nicolae_temple_no_exploring_needed
Lair:2:   minmay_snake_entry_guardpost_medium, uniq_harold
Lair:3:   gammafunk_cloud_chamber, elwin_shoals_entry_rooms,
          grunt_forest_small_clearing_treed, infiniplex_staircase_pool_2
Lair:4:   wad_woods_road_06, uniq_josephine
Lair:6:   evil_forest, slime_altar_1, minivault_19
Snake:3:  basic_altar, nicolae_snake_round_shape_thing, uniq_saint_roka
Snake:4:  minmay_snake_end_coiled, uniq_aizul, uniq_kirke, uniq_vashnia
Orc:1:    special_room, basic_altar, serial_shops, shop
Orc:2:    grunt_orc_community_town_hall, grunt_orc_community_big_house_2,
          grunt_orc_community_big_house_1, grunt_orc_community_house_3,
          grunt_orc_community_house_2, grunt_orc_community_house_1,
          grunt_orc_community_house_1, nicolae_orc_lost_temple
Ossuary:  ossuary_minmay_scorpions

Skill      XL: |  1  2  3  4  5  6  7  8  9 10 11 12 13 14 15 16 17 |
---------------+----------------------------------------------------+-----
Axes           | 3 4 5 6 8 10 12 13 15 16 18 19 20 21 22 | 22.0
Fighting       | 4 5 6 7 9 10 11 12 13 14 16 17 18 | 18.2
Armour         | 4 5 6 7 9 10 11 13 14 15 | 15.4
Invocations    | 1 4 6 7 10 | 10.0
Dodging        | 1 7 10 12 14 15 16 | 16.2
Evocations     | 1 4 5 |  5.0
Shields        | |  3.6

Action                   |  1- 3 |  4- 6 |  7- 9 | 10-12 | 13-15 | 16-18 || total
-------------------------+-------+-------+-------+-------+-------+-------++-------
Melee: War axe           |    70 |   158 |   325 |    76 |       |       ||   629
       Headbutt          |    11 |    24 |    60 |   169 |   202 |   171 ||   637
       Battleaxe         |       |       |       |   649 |   836 |   769 ||  2254
       Unarmed           |       |       |       |       |       |    14 ||    14
Throw: Stone             |     6 |     2 |     5 |    15 |       |       ||    28
Invok: Heroism           |       |       |     5 |    28 |    38 |    36 ||   107
       Finesse           |       |       |       |     4 |     9 |    12 ||    25
 Abil: Evoke Invisibilit |       |       |       |     1 |       |       ||     1
Evoke: Wand              |       |       |       |    25 |    14 |     2 ||    41
  Use: Scroll            |     1 |     9 |    10 |    12 |    13 |     6 ||    51
       Potion            |       |     1 |       |     5 |     4 |     5 ||    15
 Stab: Invisible         |       |     1 |       |       |       |       ||     1
  Eat: Chunk             |     1 |    10 |     8 |    20 |    37 |     4 ||    80
       Ration            |       |       |     1 |     2 |     1 |     3 ||     7
Armor: Scale mail        |     7 |       |       |       |       |       ||     7
       Storm dragon scal |    26 |   103 |   168 |   355 |   243 |   256 ||  1151
Dodge: Dodged            |    11 |    34 |    58 |   287 |   612 |   630 ||  1632
Block: Shield            |    35 |    72 |   150 |    44 |       |       ||   301

Table legend:
 A = Spawn XP
 B = Non-spawn XP
 C = Spawn XP percentage of total XP
 D = Spawn monster count
 E = Non-spawn monster count
 F = Spawn count percentage of total count
 G = Total turns spent on level
                    A         B        C        D         E        F      G
               +---------+---------+-------+---------+---------+-------+---------
         Total |       0 |  281981 |   0.0 |       0 |    1055 |   0.0 | 29682
               +---------+---------+-------+---------+---------+-------+---------
           D:1 |       0 |      23 |   0.0 |       0 |      17 |   0.0 |   893
           D:2 |       0 |      76 |   0.0 |       0 |      18 |   0.0 |   660
           D:3 |       0 |     120 |   0.0 |       0 |      19 |   0.0 |   742
           D:4 |       0 |     158 |   0.0 |       0 |      14 |   0.0 |   916
           D:5 |       0 |     278 |   0.0 |       0 |      10 |   0.0 |  1017
           D:6 |       0 |     748 |   0.0 |       0 |      19 |   0.0 |  1363
           D:7 |       0 |    1592 |   0.0 |       0 |      33 |   0.0 |  1115
           D:8 |       0 |    3252 |   0.0 |       0 |      58 |   0.0 |  1193
           D:9 |       0 |    3120 |   0.0 |       0 |      26 |   0.0 |  1218
          D:10 |       0 |    4977 |   0.0 |       0 |      56 |   0.0 |  1025
          D:11 |       0 |   17723 |   0.0 |       0 |      47 |   0.0 |  1262
          D:12 |       0 |    3956 |   0.0 |       0 |      28 |   0.0 |   922
          D:13 |       0 |   33006 |   0.0 |       0 |      73 |   0.0 |  1500
          D:14 |       0 |   15752 |   0.0 |       0 |      58 |   0.0 |   917
          D:15 |       0 |   20886 |   0.0 |       0 |      42 |   0.0 |  1055
        Lair:1 |       0 |     977 |   0.0 |       0 |       8 |   0.0 |   754
        Lair:2 |       0 |    8067 |   0.0 |       0 |      30 |   0.0 |  1010
        Lair:3 |       0 |    4753 |   0.0 |       0 |      19 |   0.0 |  1115
        Lair:4 |       0 |   10672 |   0.0 |       0 |      27 |   0.0 |  1418
        Lair:5 |       0 |   13829 |   0.0 |       0 |      30 |   0.0 |   719
        Lair:6 |       0 |   13439 |   0.0 |       0 |      45 |   0.0 |  1595
       Snake:1 |       0 |   14473 |   0.0 |       0 |      32 |   0.0 |  1466
       Snake:2 |       0 |   19933 |   0.0 |       0 |      39 |   0.0 |   982
       Snake:3 |       0 |   23677 |   0.0 |       0 |      36 |   0.0 |   936
       Snake:4 |       0 |   49115 |   0.0 |       0 |      76 |   0.0 |  1497
         Orc:1 |       0 |    5992 |   0.0 |       0 |      67 |   0.0 |   488
         Orc:2 |       0 |   10506 |   0.0 |       0 |     100 |   0.0 |  1114
       Ossuary |       0 |     881 |   0.0 |       0 |      28 |   0.0 |   775
               +---------+---------+-------+---------+---------+-------+---------
